 Dungeon Crawl Stone Soup version 0.30-a0-782-ge64f9170bb (webtiles) character file.

Game seed: 10016102071588010014

154 vineage the Trooper (level 5, -1/37 HPs)
             Began as a Gargoyle Fighter on Feb 24, 2023.
             Slain by an orc
             ... wielding a +0 hand axe
              (5 damage)
             ... on level 3 of the Dungeon.
             The game lasted 00:02:49 (2316 turns).

vineage the Trooper (Gargoyle Fighter)              Turns: 2316, Time: 00:02:50

Health: -1/37      AC: 16    Str: 24    XL:     5   Next: 36%
Magic:  5/5        EV: 10    Int:  8    God:
Gold:   104        SH:  4    Dex:  9    Spells: 4/4 levels left

rFire   . . .      SeeInvis .    a - +1 flail
rCold   . . .      Faith    .    c - +0 buckler
rNeg    + . .      Spirit   .    k - +4 ring mail of Mucsuchi {rElec Str+2}
rPois   ∞          Reflect  .    (no helmet)
rElec   +          Harm     .    i - +0 cloak
rCorr   .          Rampage  .    f - +0 pair of gloves
Will    .....                    (no boots) Stlth
                                 (no amulet)
HPRegen 0.26/turn                (no ring)
MPRegen 0.09/turn                (no ring)

@: no status effects
A: sickness immunity, AC +4, negative energy resistance 1, electricity
resistance, torment resistance 1, petrification resistance
a: no special abilities


You were on level 3 of the Dungeon.
You visited 1 branch of the dungeon, and saw 3 of its levels.

You collected 104 gold pieces.

Inventory:

Hand Weapons
 a - a +1 flail (weapon)
Armour
 c - a +0 buckler (worn)
 f - a +0 pair of gloves (worn)
 i - a +0 cloak (worn)
 k - the +4 ring mail of Mucsuchi (worn) {rElec Str+2}
   (You found it on level 2 of the Dungeon)

   Str:       It affects your strength (+2).
   rElec:     It insulates you from electricity.
Jewellery
 m - an amulet of magic regeneration
 t - a ring of flight
Wands
 q - a wand of mindburst (6)
Scrolls
 g - 3 scrolls of identify
 o - 2 scrolls of enchant armour {unknown}
 r - a scroll of immolation {unknown}
 s - a scroll of amnesia {unknown}
Potions
 b - a potion of might
 d - 3 potions of curing {unknown}
 e - 3 potions of heal wounds {unknown}
 h - 3 potions of attraction
 j - a potion of ambrosia {unknown}
 l - a potion of haste {unknown}
 n - a potion of brilliance {unknown}
 p - a potion of mutation {unknown}


   Skills:
 * Level 6.4 Fighting
 - Level 2.0 Maces & Flails
 - Level 3.2 Armour
 - Level 3.2 Shields


You had 4 spell levels left.
You didn't know any spells.
Your spell library contained the following spells:

 Spells                   Type           Power      Damage    Failure   Level
 Sandblast                Erth           0%         2d4       65%         1
 Summon Small Mammal      Summ           0%         N/A       65%         1
 Passwall                 Tmut/Erth      0%         N/A       80%         2
 Call Canine Familiar     Summ           0%         N/A       95%         3
 Stone Arrow              Conj/Erth      0%         3d7       95%         3
 Summon Guardian Golem    Hex/Summ       0%         N/A       95%         3


Dungeon Overview and Level Annotations

Branches:
Dungeon (3/15)

Altars:
Gozag


Innate Abilities, Weirdness & Mutations

You are immune to sickness and miasma.
Your stone body is resilient. (AC +4)
You are immune to poison.
You resist negative energy. (rN+)
You are resistant to electric shocks. (rElec)
You are resistant to unholy torment.
You are immune to petrification.


Message History

No target in view!
You see here a +0 club.
You see here a +0 club.
An orc comes into view. It is wielding a +0 trident.
An orc is nearby!
An orc is nearby!
The orc shouts!
An orc comes into view. It is wielding a +0 hand axe.
An orc and an orc priest come into view.
The orc is wielding the +5 dagger of Dissent {venom, rF+ Int+3}.
The orc shouts! x2; The orc priest shouts!
An orc wizard comes into view. It is wielding a +0 falchion.
The orc moves out of view.
The orc wizard shouts!
The orc hits you but does no damage.
You see here a +0 dagger.
The orc barely misses you. x2
You sock the orc priest!
The orc priest is heavily wounded.
The orc hits you with the +5 dagger of Dissent {venom, rF+ Int+3}.
The orc closely misses you.
The orc priest hits you but does no damage.
The orc hits you but does no damage.
You sock the orc priest!
The orc priest is almost dead.
The orc hits you with the +5 dagger of Dissent {venom, rF+ Int+3}.
You block the orc's attack. You block the orc priest's attack.
The orc hits you but does no damage.
The orc priest hits you but does no damage.
You closely miss the orc priest.
The orc priest is almost dead.
The orc hits you with the +5 dagger of Dissent {venom, rF+ Int+3}!
The orc hits you with a +0 trident.
The orc priest calls down the wrath of Beogh upon you.
Beogh smites you!
* * * LOW HITPOINT WARNING * * *
The orc wizard hits you with a +0 falchion.
* * * LOW HITPOINT WARNING * * *
The orc hits you with a +0 hand axe.
You die...

#...'.. ........# #...##.
........## ##...#.
.........# #...## .........#
###...# .........# #.#...#
.........# #.##...
......ooo### #..#...
#.....o@o..# ##.##..
########)### #...#..
..##....# #!#.##. #.##....#
###..#.
#.##....#######....##
#.#####.##..........#.##..#
#...................###..)#
########.###.#.......#)..#†.
#........# #.#)......#######


You could see an orc priest, an orc wizard and 3 orcs.

Vanquished Creatures
  4 gnolls (D:2)
  5 adders
  2 worms
  3 dart slugs
  2 orcs
  2 endoplasms
  3 giant cockroaches
  3 goblins
  4 hobgoblins
  4 quokkas
  10 ball pythons
  7 bats
  4 frilled lizards
  8 kobolds
61 creatures vanquished.

Notes
Turn   | Place    | Note
-------+----------+-------------------------------------------
     0 | D:1      | vineage the Gargoyle Fighter began the quest for the Orb.
     0 | D:1      | Reached XP level 1. HP: 14/14 MP: 1/1
   210 | D:1      | Reached XP level 2. HP: 20/20 MP: 2/2
   332 | D:1      | Reached skill level 4 in Fighting
   638 | D:2      | Identified the +4 ring mail of Mucsuchi {rElec Str+2}
   726 | D:2      | Reached XP level 3. HP: 24/24 MP: 3/3
   900 | D:2      | Reached skill level 5 in Fighting
   906 | D:2      | Reached XP level 4. HP: 31/31 MP: 4/4
  1594 | D:3      | Reached skill level 6 in Fighting
  1750 | D:3      | Reached XP level 5. HP: 36/36 MP: 5/5
  2076 | D:3      | Found an opulent altar of Gozag.
  2311 | D:3      | Identified the +5 dagger of Dissent {venom, rF+ Int+3}
  2316 | D:3      | Slain by an orc

Illustrated notes

Levels and vault maps discovered:
D:1:      spicycebolla_arrival_ecumenical, layout_loops_ring
D:2:      layout_loops_ring, st_stairs_2
D:3:      minmay_razor_zed, layout_basic, grunt_gozag_breadcrumbs

Skill      XL: |  1  2  3  4 |
---------------+-------------+-----
Fighting       | 4 5 6 |  6.4
Maces & Flails | |  2.0
Armour         | |  3.2
Shields        | |  3.2

Action                     |  1- 3 |  4- 6 || total
---------------------------+-------+-------++-------
  Melee: Flail             |    89 |    92 ||   181
    Use: Scroll            |     3 |     2 ||     5
         Potion            |     1 |       ||     1
 Armour: Chain mail        |    50 |       ||    50
         Scale mail        |     1 |       ||     1
         Ring mail         |    11 |    56 ||    67
  Dodge: Dodged            |    45 |    52 ||    97
  Block: Buckler           |    21 |    30 ||    51

Table legend: (Time is in decaauts)
 A = Elapsed time spent in this place.
 B = Non-inter-level travel time spent in this place.
 C = Inter-level travel time spent in this place.
 D = Time resting spent in this place.
 E = Time spent auto-exploring this place.
 F = Levels seen in this place.
 G = Mean time per level.
                   A        B        C        D        E       F      G
               +--------+--------+--------+--------+--------+-----+--------+
         Total |   2377 |   2316 |     61 |      0 |   1824 |   3 |  792.3 |
       Dungeon |   2377 |   2316 |     61 |      0 |   1824 |   3 |  792.3 |
               +--------+--------+--------+--------+--------+-----+--------+

Top non-repeatable levels by time:
     D:3: 939 daAuts
     D:2: 788 daAuts
     D:1: 648 daAuts
